Map: Thunderbird LE

Players

Vanya

  • Race: Zerg Zerg
  • Spawn Location: 11:00

GunGFuBanDa - Winner!

  • Race: Protoss Protoss
  • Spawn Location: 5:00

Event: 2019 WCS Summer

VOD

Have the link to the VOD?

Description

Time

  • Played on: July 13, 2019, 6:37 a.m.
  • Length: 16:32

All games in this series

Show
View Real Time Build Order
Export as new Build Order

Vanya Zerg 

Build Orders: Hatch First, Muta Ling Bane 

Get SALT Encoding   

  12  0:00  Drone  
  13  0:12  Overlord  
  13  0:16  Drone  
  14  0:31  Drone x2  
  16  0:47  Hatchery  
  15  0:51  Drone  
  15  0:55  Drone  
  17  0:57  Drone  
  18  1:09  Extractor  
  17  1:13  Spawning Pool  
  17  1:16  Drone  
  17  1:20  Drone  
  18  1:28  Drone  
  19  1:39  Drone  
  20  1:49  Drone  
  21  2:00  Queen  
  21  2:01  Overlord  
  23  2:02  Zergling x2  
  23  2:03  Queen  
  26  2:10  Metabolic Boost  
  26  2:12  Drone x2  
  28  2:21  Drone  
  28  2:22  Drone  
  30  2:31  Drone  
  30  2:35  Hatchery  
  30  2:42  Queen  
  32  2:46  Overlord  
  32  2:49  Drone  
  33  2:52  Drone  
  34  2:58  Drone x2  
  34  3:04  Overlord  
  36  3:06  Drone  
  36  3:08  Drone x2  
  39  3:15  Zergling x6  
  39  3:16  Overlord  
  42  3:20  Overlord  
  42  3:25  Drone  
  43  3:28  Lair  
  43  3:32  Drone  
  43  3:34  Overlord  
  44  3:38  Spore Crawler  
  44  3:39  Drone  
  44  3:41  Drone  
  45  3:43  Drone  
  45  3:45  Drone x2  
  48  3:50  Queen  
  48  3:54  Drone x2  
  52  4:02  Extractor  
  51  4:03  Drone  
  51  4:04  Drone, Extractor, Roach Warren  
  51  4:08  Drone  
  51  4:09  Drone  
  53  4:14  Drone x2  
  55  4:28  Overseer  
  54  4:44  Roach x10  
  74  4:47  Overlord  
  74  4:51  Overlord  
  74  4:58  Overlord  
  73  5:00  Overlord  
  73  5:04  Overlord  
  73  5:05  Drone  
  73  5:06  Drone x3  
  73  5:07  Drone x2  
  78  5:11  Drone x2  
  78  5:13  Drone x2  
  81  5:14  Drone  
  81  5:18  Drone  
  82  5:23  Drone, Spire  
  82  5:24  Extractor  
  82  5:27  Overlord  
  82  5:28  Drone x2  
  82  5:31  Extractor  
  82  5:33  Glial Reconstitution  
  82  5:34  Extractor  
  81  5:36  Roach x2  
  81  5:38  Drone  
  81  5:40  Drone x2  
  88  5:43  Drone x3  
  88  5:44  Drone  
  92  5:59  Overlord  
  88  6:04  Drone  
  88  6:09  Overlord  
  85  6:13  Drone x2  
  85  6:14  Drone x3  
  85  6:16  Drone  
  90  6:23  Drone x2  
  90  6:24  Drone x2  
  85  6:36  Mutalisk x3  
  85  6:37  Mutalisk x5  
  101  6:40  Overlord  
  101  6:42  Roach x2  
  105  6:52  Evolution Chamber  
  105  6:53  Roach x3  
  108  7:02  Roach x3  
  114  7:16  Mutalisk x4  
  114  7:19  Drone x2  
  124  7:23  Drone x2  
  124  7:25  Zerg Missile Weapons Level 1  
  124  7:27  Hatchery  
  123  7:32  Mutalisk  
  123  7:33  Overlord  
  123  7:35  Drone  
  124  7:38  Drone  
  124  7:42  Mutalisk x2  
  129  7:46  Mutalisk  
  129  7:48  Drone x3  
  129  7:49  Drone  
  129  7:50  Drone x2  
  137  7:52  Mutalisk  
  137  7:55  Overlord  
  135  8:06  Mutalisk  
  135  8:07  Mutalisk  
  135  8:08  Overlord  
  135  8:09  Drone x4  
  135  8:10  Drone, Overlord  
  142  8:25  Mutalisk  
  142  8:26  Mutalisk  
  146  8:30  Mutalisk x2  
  148  8:35  Overlord  
  148  8:36  Mutalisk  
  148  8:38  Zergling x10, Extractor  
  154  8:42  Drone, Extractor, Baneling Nest  
  154  8:43  Drone x2  
  155  8:49  Mutalisk  
  155  8:50  Hatchery  
  155  8:51  Overlord  
  156  8:57  Mutalisk x2  
  156  9:01  Zergling x4, Roach x2  
  156  9:02  Zergling x2  
  167  9:05  Overlord  
  167  9:12  Mutalisk x2  
  167  9:17  Overlord  
  171  9:22  Mutalisk x2  
  167  9:29  Mutalisk  
  167  9:30  Mutalisk  
  159  9:35  Zergling x8  
  159  9:36  Zergling x6  
  164  9:41  Centrifical Hooks  
  164  9:47  Overlord  
  164  9:49  Zergling x4, Roach  
  164  9:50  Zergling x4, Roach x3  
  164  9:52  Overlord  
  176  9:59  Mutalisk x2  
  176  10:02  Baneling x9  
  176  10:07  Overlord  
  176  10:13  Baneling  
  176  10:14  Baneling x8  
  176  10:15  Overlord  
  176  10:16  Zergling x24  
  176  10:21  Corruptor x2  
  155  10:38  Corruptor x2  
  155  10:39  Corruptor  
  155  10:41  Zergling x16  
  152  10:45  Baneling x3  
  152  10:46  Overlord  
  152  10:48  Drone  
  153  10:52  Corruptor x2  
  151  10:57  Corruptor x2  
  155  11:05  Zergling x12  
  161  11:15  Zerg Melee Weapons Level 1  
  161  11:18  Evolution Chamber  
  161  11:19  Baneling x4  
  161  11:20  Baneling  
  161  11:21  Ravager x3  
  161  11:23  Zergling x14  
  161  11:24  Zergling x4  
  166  11:26  Overseer  
  166  11:27  Drone x2  
  166  11:30  Corruptor  
  170  11:34  Corruptor  
  170  11:37  Baneling x3, Ravager  
  173  11:40  Zergling x6  
  173  11:47  Zergling x8  
  164  11:58  Zergling x6, Roach x3  
  140  12:02  Corruptor  
  140  12:03  Corruptor x2  
  139  12:09  Zergling x4, Roach x3  
  137  12:16  Corruptor x2  
  137  12:19  Zergling x4, Roach  
  138  12:24  Roach x3  
  138  12:29  Drone x2  
  143  12:31  Roach x2  
  143  12:33  Zergling x2, Roach  
  143  12:38  Zergling x2  
  143  12:41  Roach  
  136  12:45  Zergling x4, Roach  
  136  12:48  Overseer  
  139  12:52  Baneling x3  
  139  12:53  Baneling x2  
  139  12:54  Zergling x4, Roach x2  
  139  12:55  Ravager x3  
  139  12:56  Zergling x2, Ravager  
  150  13:01  Zerg Missile Weapons Level 2  
  150  13:02  Zergling x2  
  150  13:05  Zergling x2, Roach x2  
  156  13:12  Zergling x2, Roach  
  140  13:16  Zergling x2, Roach  
  140  13:17  Zergling x2, Roach  
  140  13:18  Zergling x4  
  140  13:26  Zergling x2  
  140  13:27  Zergling x10  
  143  13:31  Baneling  
  143  13:32  Baneling x15  
  143  13:33  Ravager  
  149  13:34  Ravager x4  
  149  13:40  Zergling x2  
  149  13:41  Zergling x4  
  154  13:43  Zergling x4  
  154  13:44  Zergling x4  
  154  13:46  Baneling x4  
  154  13:48  Zergling x4  
  160  13:51  Infestation Pit  
  160  13:54  Zergling x6  
  140  14:04  Zergling x18  
  140  14:09  Zergling x4  
  130  14:14  Drone x4  
  126  14:22  Hydralisk Den  
  125  14:24  Corruptor x3  
  131  14:32  Drone x3  
  131  14:37  Spore Crawler  
  127  14:48  Zergling x4  
  127  14:49  Zergling x24  
  139  14:58  Corruptor x2  
  143  15:03  Grooved Spines  
  143  15:04  Hive  
  143  15:09  Baneling  
  143  15:10  Baneling  
  143  15:14  Hydralisk x4  
  143  15:19  Hydralisk  
  143  15:20  Hydralisk x2  
  156  15:29  Hydralisk  
  156  15:30  Hydralisk x3  
  164  15:43  Hydralisk x6  
  164  15:44  Hydralisk  
  164  15:46  Baneling x4  
  164  15:47  Baneling x2  
  178  15:51  Extractor x2  
  178  15:53  Baneling x9  
  178  15:55  Overseer  
  173  15:58  Drone x3  
  173  16:02  Baneling x8  
  172  16:05  Hydralisk  
  172  16:06  Hydralisk  
Show
View Real Time Build Order
Export as new Build Order

GunGFuBanDa Protoss - Winner!

Build Orders: 1 Gate Expand, Zealot Archon, Archon Drop, Dark Templar Rush 

Get SALT Encoding   

  12  0:00  Probe  
  13  0:12  Probe  
  14  0:17  Pylon  
  14  0:25  Probe  
  15  0:34  Probe  
  15  0:36  Gateway  
  16  0:44  Probe  
  16  0:45  Assimilator  
  17  0:56  Probe  
  18  1:08  Probe  
  19  1:20  Probe  
  19  1:24  Nexus  
  20  1:35  Cybernetics Core  
  20  1:37  Probe  
  21  1:45  Assimilator  
  21  1:49  Probe  
  21  1:52  Pylon  
  23  2:01  Probe  
  23  2:02  Adept  
  23  2:09  Probe  
  26  2:17  Probe  
  26  2:18  Twilight Council  
  27  2:24  Stalker  
  27  2:26  Warp Gate  
  27  2:27  Probe  
  28  2:36  Probe  
  31  2:41  Probe  
  32  2:48  Probe  
  33  2:53  Probe  
  33  2:56  Robotics Facility  
  34  3:00  Probe  
  34  3:04  Probe  
  36  3:12  Probe  
  36  3:13  Probe  
  38  3:20  Probe  
  38  3:23  Dark Shrine  
  38  3:25  Probe  
  40  3:31  Probe, Pylon  
  40  3:33  Warp Prism  
  41  3:38  Gateway  
  42  3:44  Gateway  
  43  3:48  Gateway  
  43  3:52  Assimilator  
  43  3:53  Probe  
  43  3:54  Assimilator  
  44  3:57  Probe  
  45  4:05  Probe  
  45  4:08  Pylon  
  45  4:09  Probe  
  47  4:13  Probe  
  47  4:20  Zealot  
  47  4:21  Probe x2  
  51  4:28  Forge  
  52  4:32  Probe  
  52  4:36  Pylon  
  52  4:37  Observer  
  55  4:41  Dark Templar x3  
  55  4:45  Dark Templar  
  62  4:57  Nexus  
  62  5:05  Probe  
  62  5:10  Probe  
  62  5:11  Immortal  
  68  5:15  Protoss Ground Weapons Level 1  
  68  5:20  Dark Templar  
  70  5:26  Pylon  
  70  5:31  Pylon  
  70  5:32  Charge, Pylon  
  70  5:35  Archon  
  70  5:37  Archon  
  70  5:40  Immortal  
  70  5:44  Probe  
  70  5:45  Probe  
  72  5:50  Sentry, Zealot  
  72  5:56  Probe, Pylon  
  81  5:57  Probe  
  82  6:05  Probe  
  82  6:08  Probe  
  82  6:10  Probe  
  85  6:14  Probe  
  86  6:20  Probe, Immortal, Phoenix  
  86  6:22  Probe  
  90  6:32  Zealot x4  
  98  6:36  Probe  
  98  6:39  Probe x2  
  98  6:40  Assimilator  
  98  6:42  Assimilator  
  98  6:43  Templar Archives  
  98  6:45  Gateway  
  93  6:51  Probe  
  93  6:54  Probe  
  95  6:57  Stargate  
  95  7:00  Photon Cannon  
  95  7:01  Photon Cannon x2  
  99  7:08  Observer  
  96  7:09  Probe  
  96  7:10  Shield Battery  
  96  7:12  Stalker x2  
  96  7:13  Stalker  
  96  7:14  Stalker  
  105  7:16  Shield Battery  
  105  7:19  Pylon  
  105  7:33  Probe  
  105  7:34  Probe, Phoenix  
  105  7:36  Stalker x3  
  113  7:49  Probe x2  
  113  7:50  Blink  
  113  7:51  Protoss Ground Weapons Level 2  
  115  7:53  Shield Battery  
  115  7:57  Phoenix  
  115  7:59  Pylon  
  115  8:02  Zealot x4  
  123  8:13  Fleet Beacon  
  123  8:15  Phoenix  
  123  8:25  Probe  
  121  8:30  Photon Cannon  
  121  8:31  Shield Battery  
  121  8:33  Pylon  
  119  8:34  Phoenix  
  121  8:45  Stargate  
  120  8:51  Observer  
  120  8:52  Phoenix  
  121  8:56  Anion Pulse-Crystals  
  121  8:58  Sentry  
  121  8:59  Zealot x3  
  129  9:05  Photon Cannon  
  129  9:14  Assimilator  
  129  9:16  Photon Cannon x2  
  129  9:18  Photon Cannon, Phoenix  
  129  9:19  Shield Battery  
  125  9:31  Phoenix  
  125  9:43  Zealot x3  
  133  9:52  Pylon  
  133  9:54  Pylon  
  133  9:56  Pylon  
  133  9:57  Phoenix  
  133  10:08  Phoenix  
  133  10:11  Zealot x5  
  141  10:14  Phoenix  
  143  10:33  Phoenix x2  
  117  10:39  Zealot x5  
  122  10:43  Immortal  
  126  10:51  Phoenix  
  126  10:57  Protoss Ground Weapons Level 3  
  126  10:58  Phoenix  
  126  10:59  Nexus  
  126  11:02  High Templar x2  
  126  11:03  High Templar x2  
  138  11:04  Zealot  
  138  11:07  Archon  
  138  11:08  Archon  
  139  11:27  Protoss Air Weapons Level 1  
  139  11:32  High Templar  
  141  11:33  Immortal, Nexus  
  141  11:34  Pylon  
  141  11:38  High Templar, Gateway  
  141  11:39  Zealot x3  
  153  11:40  Gateway  
  153  11:43  Gateway  
  153  11:46  Archon, Gateway  
  122  12:02  Zealot x3  
  118  12:14  Probe  
  118  12:15  Probe, Zealot x2  
  118  12:18  Phoenix x2  
  120  12:27  High Templar x2, Nexus  
  120  12:28  High Templar  
  124  12:30  Pylon  
  124  12:34  Psionic Storm  
  106  12:46  Zealot x6  
  116  12:57  Photon Cannon  
  116  12:59  Photon Cannon  
  116  13:00  Stalker x3  
  116  13:01  Photon Cannon  
  114  13:14  Zealot  
  114  13:17  Nexus  
  106  13:22  High Templar x2  
  106  13:25  Sentry x2, Zealot x2  
  106  13:26  Zealot x2  
  122  13:29  Protoss Shields Level 1  
  122  13:30  Shield Battery  
  122  13:32  Shield Battery  
  122  13:34  Immortal  
  126  13:42  Zealot  
  126  13:46  Dark Templar x2  
  132  13:51  Pylon  
  132  13:56  Observer  
  116  14:03  Zealot  
  102  14:10  Stalker x6  
  114  14:23  High Templar  
  116  14:24  Photon Cannon  
  116  14:25  Shield Battery  
  116  14:32  High Templar  
  116  14:33  Zealot, High Templar  
  122  14:39  Archon  
  122  14:50  Immortal  
  122  14:52  Zealot x3  
  132  14:54  Assimilator  
  132  14:55  Observer  
  132  15:02  Assimilator  
  132  15:05  Dark Templar  
  134  15:08  Pylon  
  134  15:12  Zealot x2, High Templar x2  
  142  15:14  Observer  
  142  15:16  Archon  
  142  15:31  Warp Prism  
  144  15:40  Zealot x5, High Templar x2  
  156  15:45  Archon  
  148  16:23  Archon  
  136  16:29  Zealot x9  
Tags
 
Add a new tag
Caveats
  • Supply blocks, unpowered buildings, or Contaminate may cause inaccurate times.
  • Supply counts are checked every 10 seconds.